 Dungeon Crawl Stone Soup version 0.18-a0-1639-g7533f42 (webtiles) character file.

212 Oddball22 the Insei (level 5, -1/42 HPs)
             Began as a Demonspawn Monk on Mar 27, 2016.
             Slain by Menkaure (22 damage)
             ... on level 4 of the Dungeon.
             The game lasted 00:09:53 (3974 turns).

Oddball22 the Insei (Demonspawn Monk)               Turns: 3974, Time: 00:09:53

Health: -1/42      AC:  2    Str: 11    XL:     5   Next: 58%
Magic:  5/5        EV: 14    Int: 11    God:
Gold:   166        SH:  0    Dex: 17    Spells: 0 memorised, 4 levels left

rFire  + . .     SeeInvis +       - Unarmed
rCold  + . .     Gourm    +     a - +0 robe
rNeg   . . .     Faith    .     (no shield)
rPois  .         Spirit   .     (helmet unavailable)
rElec  .         Dismiss  .     (no cloak)
rCorr  .         Reflect  .     (no gloves)
SustAt .         Harm     .     (no boots)
MR     .....                    m - amulet of the gourmand
Stlth  ++........               (no ring)
                                l - ring of protection from cold

@: not resistant to hostile enchantments, unstealthy
A: antennae 3, claws 1, fire resistance 1
a: no special abilities


You were on level 4 of the Dungeon.
You were completely stuffed.

You visited 1 branch of the dungeon, and saw 4 of its levels.

You collected 166 gold pieces.

Inventory:

Missiles
 e - 65 bolts
Armour
 a - a +0 robe (worn)
 g - a +0 shield
 w - a +0 buckler
Jewellery
 l - a ring of protection from cold (left claw)
 m - an amulet of the gourmand (around neck)
Scrolls
 c - a scroll of identify {unknown}
 d - a scroll of fog
 j - 2 scrolls of enchant weapon {unknown}
 k - 2 scrolls of remove curse
 p - a scroll of immolation {unknown}
 q - a scroll of enchant armour {unknown}
 r - a scroll of random uselessness {unknown}
 s - a scroll of amnesia {unknown}
 t - a scroll of blinking {unknown}
 x - a scroll of teleportation {unknown}
Potions
 i - a potion of magic {unknown}
 o - a potion of mutation {unknown}
 v - 2 potions of flight {unknown}
Comestibles
 b - 2 bread rations
 f - 5 fruits
 h - a slice of pizza
 n - a meat ration


   Skills:
 + Level 3.7 Fighting
 + Level 3.7 Dodging
 - Level 1.7 Stealth
 * Level 5.3 Unarmed Combat


You had 4 spell levels left.
You didn't know any spells.

Dungeon Overview and Level Annotations

Branches:
Dungeon (4/15)
 Temple: D:4-7

Altars:
Elyvilon
Nemelex Xobeh

Annotations:
D:3 Grinder, Sigmund
D:4 Menkaure


Innate Abilities, Weirdness & Mutations

You have a pair of large antennae on your head (SInv).
You have sharp fingernails.
Your flesh is heat resistant.


Message History

Found 16 gold pieces.
Menkaure barely misses you.
You scratch Menkaure.
Menkaure is lightly damaged.
Menkaure sighs, "Let me perform the rites..."
Menkaure mumbles some strange words.
Menkaure seems to speed up.
You scratch Menkaure but do no damage.
Menkaure is lightly damaged.
Menkaure hits you!!
Ouch! That really hurt!
You barely miss Menkaure.
Menkaure is lightly damaged.
Menkaure sighs drily.
Menkaure barely misses you.
You claw Menkaure!
Menkaure is heavily damaged.
Menkaure hits you!!
Ouch! That really hurt!
You die...

#.# #.##................
######.####.##.#.....###....#.
.............##.#.....# #.#..#
......................###.#..#.
..............................<
............###.##....#.###..#.
..########### #.##...........#.
# #...##.##.............
#...M@..............#.
#...##.##..>.....#..#. #...
#.####.........# #...
#.####..##..#..# #...
.......<<......#
#..M##.#.##........... #...
#...##..##....... #... #.#
..... ...... #.......# .....


You could see Menkaure.

Vanquished Creatures
  An orc priest (D:3)
  An orc wizard (D:3)
  Ijyb (D:2)
  Robin (D:2)
  2 adders (D:2)
  An ooze (D:2)
  5 worms (D:2)
  2 giant geckos
  5 orcs
  5 bats
  4 giant cockroaches
  12 goblins
  8 hobgoblins
  7 jackals
  A quokka (D:2)
  6 giant newts
  4 kobolds
  7 rats
73 creatures vanquished.

Notes
Turn   | Place    | Note
--------------------------------------------------------------
     0 | D:1      | Oddball22 the Demonspawn Monk began the quest for the Orb.
     0 | D:1      | Reached XP level 1. HP: 18/18 MP: 1/1
   413 | D:1      | Gained mutation: You have sharp fingernails. [demonic ancestry]
   413 | D:1      | Reached XP level 2. HP: 24/24 MP: 2/2
   442 | D:1      | Reached skill level 4 in Unarmed Combat
   747 | D:1      | Gained mutation: You have a pair of small antennae on your head. [demonic ancestry]
   747 | D:1      | Reached XP level 3. HP: 29/29 MP: 3/3
  1178 | D:2      | Gained mutation: You have a pair of antennae on your head. [potion of beneficial mutation]
  1799 | D:2      | Noticed Robin
  1807 | D:2      | Gained mutation: Your flesh is heat resistant. [demonic ancestry]
  1807 | D:2      | Reached XP level 4. HP: 32/35 MP: 4/4
  1824 | D:2      | Killed Robin
  2046 | D:2      | Found a white marble altar of Elyvilon.
  2187 | D:2      | Found a sparkling altar of Nemelex Xobeh.
  2806 | D:3      | Noticed Grinder
  2807 | D:3      | Noticed Ijyb
  2854 | D:2      | Killed Ijyb
  2995 | D:3      | Gained mutation: You have a pair of large antennae on your head (SInv). [demonic ancestry]
  2995 | D:3      | Reached XP level 5. HP: 37/41 MP: 5/5
  3025 | D:3      | Noticed Sigmund
  3158 | D:3      | Reached skill level 5 in Unarmed Combat
  3962 | D:4      | Noticed Menkaure
  3974 | D:4      | Slain by Menkaure

Vault maps used:
D:1:      zelgadis_glass_arrival_small, corner_web_ring
D:2:      elyvilon_altar_1, nemelex_dance_club_becter, uniq_robin
D:3:      minmay_misc_feat_plants, minmay_misc_feat_cross, grunt_ministairs_6,
          roderic_lattice_a, uniq_sigmund, uniq_grinder, uniq_terence, uniq_iyjb
D:4:      fedhas_altar_1, lemuel_zombie_altar_kikubaaqudgha, first_bread,
          nicolae_zen_rock_garden, uniq_natasha, uniq_menkaure

Skill      XL: |  1  2  3  4  5 |
---------------+----------------+-----
Unarmed Combat | 4 5 |  5.3
Dodging        | 3 |  3.7
Fighting       | |  3.7
Stealth        | |  1.7

Action                   |  1- 3 |  4- 6 || total
-------------------------+-------+-------++-------
Melee: Unarmed           |   130 |   133 ||   263
  Use: Potion            |     4 |     1 ||     5
       Scroll            |       |     3 ||     3
 Stab: Sleeping          |     8 |     1 ||     9
       Distracted        |     1 |     1 ||     2
  Eat: Chunk             |     7 |    18 ||    25
